 Dungeon Crawl Stone Soup version 0.28.0-43-g3370ac3207 (webtiles) character file.

Game seed: 11314254126621805129

1405 Peloso the Carver (level 8, -1/71 HPs)
             Began as a Minotaur Fighter on Mar 18, 2022.
             Was an Initiate of Okawaru.
             Killed by nerve-wracking pain
             ... invoked by an orc priest
              (14 damage)
             ... on level 6 of the Dungeon.
             The game lasted 00:09:22 (5117 turns).

Peloso the Carver (Minotaur Fighter)                Turns: 5117, Time: 00:09:23

Health: -1/71      AC: 15    Str: 21    XL:     8   Next: 42%
Magic:  7/7        EV:  8    Int:  5    God:    Okawaru [......]
Gold:   410        SH:  5    Dex: 14    Spells: 7/7 levels left

rFire   . . .      SeeInvis .   a - +0 long sword
rCold   . . .      Faith    .   c - +0 buckler
rNeg    . . .      Spirit   .   g - +0 chain mail
rPois   +          Reflect  .   (helmet restricted)
rElec   .          Harm     .   q - +0 cloak
rCorr   .          Rampage  .   (no gloves)
Will    +....      Clarity  +   B - +2 pair of boots
Stlth   ..........              (no amulet)
HPRegen 0.21/turn               (no ring)
MPRegen 0.10/turn               (no ring)

@: no status effects
A: horns 2, retaliatory headbutt, talons 1, agile 1, clarity, strong-willed 1,
poison resistance
a: Renounce Religion


You were on level 6 of the Dungeon.
You worshipped Okawaru.
Okawaru was noncommittal.
You visited 1 branch of the dungeon, and saw 6 of its levels.
You also visited: Ossuary.

You collected 410 gold pieces.

Inventory:

Hand Weapons
 a - a +0 long sword (weapon)
Armour
 b - a +0 scale mail
 c - a +0 buckler (worn)
 g - a +0 chain mail (worn)
 q - a +0 cloak (worn)
 B - a +2 pair of boots (worn)
Jewellery
 e - a ring of positive energy
 n - an amulet of faith
 p - an amulet of regeneration
Wands
 i - a wand of acid (25)
 k - a wand of mindburst (16)
 s - a wand of flame (25)
 t - a wand of iceblast (15)
 A - a wand of charming (8)
Scrolls
 f - a scroll of noise
 h - a scroll of identify
 j - 2 scrolls of fear
 o - a scroll of magic mapping
 r - a scroll of enchant armour
 u - a scroll of enchant weapon
 w - a scroll of teleportation
 y - 2 scrolls of amnesia
 C - a scroll of blinking {unknown}
Potions
 d - 2 potions of might
 l - 7 potions of curing
 m - a potion of ambrosia
 x - 2 potions of heal wounds
 z - 2 potions of mutation
Miscellaneous
 v - a box of beasts


   Skills:
 + Level 6.8 Fighting
 + Level 8.4 Long Blades
 + Level 6.6 Armour
 + Level 2.5 Dodging
 + Level 0.8 Stealth
 + Level 5.2 Shields


You had 7 spell levels left.
You didn't know any spells.
Your spell library contained the following spells:

 Spells                   Type           Power      Damage    Failure   Level
 Apportation              Tloc           0%         N/A       99%         1
 Sandblast                Erth           0%         2d4       99%         1
 Ensorcelled Hibernation  Hex/Ice        0%         N/A       100%        2
 Passwall                 Tmut/Erth      0%         N/A       100%        2
 Stone Arrow              Conj/Erth      0%         3d7       100%        3
 Swiftness                Air            0%         N/A       100%        3
 Alistair's Intoxication  Tmut/Pois      0%         N/A       100%        5
 Storm Form               Tmut/Air       0%         N/A       100%        7
 Maxwell's Capacitive Co  Air            0%         ∞         100%        8
 Summon Lightning Spire   Summ/Air       Unusable   N/A       N/A         4

Dungeon Overview and Level Annotations

Branches:
Dungeon (6/15)            Ossuary (visited)
 Temple: D:4-7

Altars:
Ashenzari
Elyvilon
Kikubaaqudgha
Nemelex Xobeh
Okawaru
Zin

Shops:
D:6 !


Innate Abilities, Weirdness & Mutations

You have a pair of horns on your head.
You reflexively headbutt those who attack you in melee.
You have sharp toenails.
You are agile. (Dex +2)
You possess an exceptional clarity of mind.
You are strong-willed. (Will+)
Your system is resistant to poisons. (rPois)


Message History

An orc wizard comes into view. It is wielding a +0 dagger.
Found a stone staircase leading down.
The orc wizard shouts!
The orc priest mumbles some strange prayers to Beogh against you.
Beogh smites you!
The orc priest mumbles some strange prayers to Beogh against you.
Beogh smites you!
The orc priest calls down the wrath of Beogh upon you.
Beogh smites you!
The orc wizard casts a spell.
The orc wizard flickers and vanishes!
Deactivating autopickup; reactivate with Ctrl-A.
The orc priest hits you with a +0 club.
You barely miss the orc priest.
The orc priest invokes the aid of Beogh against you.
Beogh smites you! You block the orc priest's attack.
The orc priest hits you with a +0 club.
* * * LOW HITPOINT WARNING * * *
You hit the orc priest. You headbutt the orc priest!
You kill the orc priest!
Okawaru accepts your kill.
The orc priest calls down the wrath of Beogh upon you.
Pain shoots through your body!
* * * LOW HITPOINT WARNING * * *
Unknown command.
You closely miss the orc priest. You headbutt the orc priest.
The orc priest is moderately wounded.
The orc priest hits you with a +0 club.
* * * LOW HITPOINT WARNING * * *
Unknown command.
You barely miss the orc priest.
The orc priest is moderately wounded.
The orc priest hits you with a +0 club.
* * * LOW HITPOINT WARNING * * *
Unknown command.
You hit the orc priest but do no damage.
The orc priest is moderately wounded.
The orc priest calls down the wrath of Beogh upon you.
Pain shoots through your body!
You die...

##......o..
#.......o #.....$
#...# ##$..##
#.....# #..{oo+ ###
#.##o##
#######.####.##@###
.........#.....)..+
.........'........#
.........#........#
###.##..##...######
.##+##..#######
..............#
..............#
..............#


You could see an orc priest, an orc wizard and an orc.

Vanquished Creatures
  An ogre (D:4)
  A centaur (D:5)
  3 elf zombies (Ossuary)
  Blork the orc (D:4)
  2 bullfrogs (D:6)
  2 scorpions (D:4)
  2 howler monkeys (D:5)
  4 hounds
  Crazy Yiuf (D:3)
  An orc priest (D:6)
  2 scorpion zombies (D:5)
  Ijyb (D:3)
  3 iguanas
  2 orc wizards (D:5)
  5 mummies
  A howler monkey skeleton (D:4)
  7 adders
  A gnoll (D:1)
  A shadow imp (D:6)
  2 ufetubi
  An adder skeleton (D:4)
  An adder zombie (Ossuary)
  4 worms
  3 dart slugs
  6 orcs
  8 ball pythons
  12 endoplasms
  2 giant cockroaches
  3 goblins
  8 hobgoblins
  7 quokkas
  4 bats (D:1)
  3 goblin zombies
  2 hobgoblin zombies (Ossuary)
  A jackal zombie (Ossuary)
  10 kobolds
  3 kobold zombies (Ossuary)
  6 rats
  A rat zombie (Ossuary)
128 creatures vanquished.

Vanquished Creatures (others)
  4 plants (D:1)
4 creatures vanquished.

Grand Total: 132 creatures vanquished

Notes
Turn   | Place    | Note
-------+----------+-------------------------------------------
     0 | D:1      | Peloso the Minotaur Fighter began the quest for the Orb.
     0 | D:1      | Reached XP level 1. HP: 19/19 MP: 0/0
    20 | D:1      | Found a faded altar of an unknown god.
   201 | D:1      | Reached XP level 2. HP: 27/27 MP: 1/1
   241 | D:1      | Gained mutation: You possess an exceptional clarity of
                  | mind. [potion of mutation]
   241 | D:1      | Gained mutation: You are agile. (Dex +2) [potion of
                  | mutation]
   241 | D:1      | Gained mutation: You have hidden genetic potential. [potion
                  | of mutation]
   241 | D:1      | Gained mutation: You have sharp toenails. [potion of
                  | mutation]
   606 | D:1      | Reached skill level 3 in Long Blades
   606 | D:1      | Reached XP level 3. HP: 32/33 MP: 2/2
   989 | D:2      | Gained mutation: You are strong-willed. (Will+) [hidden
                  | potential]
  1097 | D:2      | Identified the +0 leather armour of the Equator {Stlth+}
  1196 | D:2      | Reached XP level 4. HP: 40/40 MP: 3/3
  1208 | D:2      | Gained mutation: Your system is resistant to poisons.
                  | (rPois) [hidden potential]
  1208 | D:2      | Lost mutation: You have hidden genetic potential. [hidden
                  | potential expressed]
  1699 | D:3      | Noticed Ijyb
  1703 | D:3      | Killed Ijyb
  1842 | D:3      | Found a runed translucent door.
  1843 | D:3      | Noticed Crazy Yiuf
  1889 | D:3      | Reached skill level 4 in Long Blades
  1889 | D:3      | Reached XP level 5. HP: 46/46 MP: 4/4
  2497 | D:3      | Killed Crazy Yiuf
  2498 | D:3      | Reached skill level 1 in Dodging
  2558 | D:4      | Found a glowing silver altar of Zin.
  2558 | D:4      | Found an ancient bone altar of Kikubaaqudgha.
  2558 | D:4      | Found a white marble altar of Elyvilon.
  2633 | D:4      | Reached skill level 5 in Armour
  2754 | D:4      | Reached XP level 6. HP: 53/53 MP: 5/5
  2886 | D:4      | Reached skill level 5 in Long Blades
  3127 | D:4      | Reached skill level 5 in Fighting
  3127 | D:4      | Reached skill level 6 in Long Blades
  3127 | D:4      | Reached XP level 7. HP: 52/61 MP: 6/6
  3128 | D:4      | Found a broken altar of Ashenzari.
  3219 | D:4      | Noticed Blork the orc
  3222 | D:4      | Killed Blork the orc
  3408 | D:4      | Found a sparkling altar of Nemelex Xobeh.
  3408 | D:4      | Found a transporter.
  3621 | D:5      | Entered Level 5 of the Dungeon
  4000 | D:5      | Reached skill level 7 in Long Blades
  4170 | D:5      | Found a sand-covered staircase.
  4176 | Ossuary  | Entered an ossuary
  4243 | Ossuary  | Reached XP level 8. HP: 67/70 MP: 7/7
  4979 | D:6      | Found Qemeapn's Distillery.
  5002 | D:6      | Reached skill level 8 in Long Blades
  5002 | D:6      | Reached skill level 5 in Shields
  5028 | D:6      | Found an iron altar of Okawaru.
  5041 | D:6      | Became a worshipper of Warmaster Okawaru
  5117 | D:6      | Killed from afar by an orc priest

Illustrated notes

Levels and vault maps discovered:
D:1:      amcnicky_arrival_choice, layout_basic,
          shapermc_ecumenical_altar_acropolis, chequers_big_river
D:2:      layout_basic, kennysheep_potato
D:3:      layout_basic, minmay_misc_feat_x, uniq_crazy_yiuf_cottage, uniq_ijyb
D:4:      layout_loops_ring, grunt_nemelex_the_gamble,
          grunt_temple_overflow_open, cheibrodos_ashenzari_chains,
          minmay_misc_feat_chi, uniq_blork_the_orc
D:5:      layout_loops_corners, nicolae_ossuary_entry_giza
D:6:      layout_gridville, mainiacjoe_overflow_alcove_4, serial_shops, shop,
          minmay_quadrilaterals

Skill      XL: |  1  2  3  4  5  6  7  8 |
---------------+-------------------------+-----
Armour         | 4 5 6 |  6.6
Long Blades    | 3 4 6 7 8 |  8.4
Shields        | 4 5 |  5.2
Fighting       | 4 5 6 |  6.8
Dodging        | 1 2 |  2.5
Stealth        | |  0.8

Action                   |  1- 3 |  4- 6 |  7- 9 || total
-------------------------+-------+-------+-------++-------
Melee: Long sword        |    59 |    91 |   151 ||   301
       Headbutt          |    10 |    14 |    34 ||    58
       Kick              |     9 |    13 |    43 ||    65
  Use: Potion            |     6 |     1 |       ||     7
       Scroll            |       |       |     8 ||     8
Armor: Scale mail        |    24 |       |       ||    24
       Chain mail        |     9 |    53 |    68 ||   130
Dodge: Dodged            |    33 |    34 |    34 ||   101
Block: Buckler           |    18 |    19 |    41 ||    78
